 Dungeon Crawl Stone Soup version 0.26.1-2-gb8aa6d0cf2 (webtiles) character file.

Game seed: 11959365348541076591

49765 nonceun the Severer (level 14, -14/12 (202) HPs)
             Began as a Minotaur Berserker on Mar 29, 2021.
             Was a High Priest of Trog.
             Killed from afar by Nergalle (26 damage)
             ... with a bolt of negative energy
             ... on level 12 of the Dungeon on Mar 30, 2021.
             The game lasted 01:15:50 (21289 turns).

nonceun the Severer (Minotaur Berserker)           Turns: 21289, Time: 01:15:51

HP:   -14/12 (202)  AC: 21    Str: 31      XL:     14   Next: 17%
MP:   13/13         EV:  7    Int:  4      God:    Trog [*****.]
Gold: 987           SH:  0    Dex: 12 (14) Spells: 13/13 levels left

rFire    . . .     SeeInvis +   a - +2 battleaxe (freeze)
rCold    + . .     Faith    .   (shield currently unavailable)
rNeg     . . .     Spirit   .   u - +0 crystal plate armour
rPois    .         Reflect  .   W - +0 mask of the Dragon {Will+ Slay+3 SInv}
rElec    .         Harm     .   (no cloak)
rCorr    .         Rampage  .   X - +0 pair of gloves
Will     ++...                  d - +0 pair of boots
Stlth    ..........             (no amulet)
HPRegen  0.04/turn              D - +4 ring of protection
MPRegen  0.13/turn              f - +6 ring of strength

@: berserking, extremely drained, very quick
A: retaliatory headbutt, horns 2, agile 1, cold resistance 1, deterioration 1,
wild magic 1, sturdy frame 1
a: Renounce Religion, Berserk, Trog's Hand, Brothers in Arms


You were on level 12 of the Dungeon.
You worshipped Trog.
Trog was extremely pleased with you.
You visited 2 branches of the dungeon, and saw 18 of its levels.
You also visited: Sewer, Ossuary and Ice Cave.

You collected 1386 gold pieces.
You spent 399 gold pieces at shops.

Inventory:

Hand Weapons
 a - a +2 battleaxe of freezing (weapon)
 b - a +0 shortbow
 U - a +3 broad axe of flaming
Missiles
 x - 18 poisoned darts
 A - a throwing net
 C - 16 javelins
 H - 283 arrows
Armour
 d - a +0 pair of boots (worn)
 u - a +0 crystal plate armour (worn)
 W - the +0 mask of the Dragon (worn) {Will+ Slay+3 SInv}
   (You found it on level 9 of the Dungeon)

   It affects your accuracy and damage with ranged weapons and melee attacks
   (+3).
   It affects your willpower, your defense against some magical effects.
   It lets you see invisible.
 X - a +0 pair of gloves (worn)
Jewellery
 f - a +6 ring of strength (right hand)
 p - an uncursed ring of positive energy
 z - a +6 ring of dexterity
 D - a +4 ring of protection (left hand)
Wands
 r - a wand of acid (16)
 y - a wand of random effects (16) (quivered)
 B - a wand of digging (8)
Scrolls
 g - 8 scrolls of fear
 i - 5 scrolls of fog
 j - 12 scrolls of identify
 l - a scroll of torment {unknown}
 n - 15 scrolls of teleportation
 q - 3 scrolls of magic mapping
 O - 3 scrolls of blinking
Potions
 c - 7 potions of might
 e - 2 potions of invisibility
 k - 6 potions of curing
 s - 7 potions of flight
 t - 11 potions of heal wounds
 v - 4 potions of lignification
 E - 3 potions of cancellation
 G - 2 potions of attraction
 L - 3 potions of haste
 P - a potion of ambrosia
 Z - a potion of resistance
Miscellaneous
 h - a box of beasts
 w - a phial of floods


   Skills:
 - Level 15.0 Fighting
 + Level 19.0 Axes
 - Level 14.0 Bows
 - Level 2.4 Armour
 - Level 2.1 Dodging


You had 13 spell levels left.
You didn't know any spells.
Your spell library was empty.

Dungeon Overview and Level Annotations

Branches:
Dungeon (12/15)            Temple (0/1) D:5            Lair (6/6) D:11
  Swamp (0/4) Lair:2       Spider (0/4) Lair:2        Slime (0/5) Lair:5
  Sewer (visited)         Ossuary (visited)           IceCv (visited)
    Orc: D:9-12

Altars:
Cheibriados
Dithmenos
Kikubaaqudgha
Okawaru
Vehumet
The Shining One
Jiyva

Shops:
D:7 *

Annotations:
D:9 3 runed translucent doors, azarias's ghost, journeyman GrEE
D:11 3 runed translucent doors, jlumianski's ghost, novice GnWr
D:12 Nergalle
Lair:5 1 runed translucent door, exclusion: 2 oklob plants


Innate Abilities, Weirdness & Mutations

You reflexively headbutt those who attack you in melee.
You have a pair of horns on your head.
You are agile. (Dex +2)
Your flesh is cold resistant. (rC+)
Your body sometimes deteriorates upon taking damage.
Your spells are a little harder to cast, but a little more powerful.
Your movements are slightly less encumbered by armour. (ER -2)


Message History

Nergalle is moderately wounded.
Fire: 285 arrows
Press: ? - help, Q - select action, (/) - cycle Shift-Dir - straight line, f/p - Nergalle
Aim: Nergalle, wielding a +0 dagger and wearing a +0 robe (moderately wounded, 71% to hit)
You shoot an arrow. The arrow barely misses Nergalle.
Fire: 284 arrows
Press: ? - help, Q - select action, (/) - cycle Shift-Dir - straight line, f/p - Nergalle
Aim: Nergalle, wielding a +0 dagger and wearing a +0 robe (moderately wounded, 70% to hit)
You shoot an arrow. The arrow hits Nergalle!
Nergalle is heavily wounded.
Your +2 battleaxe of freezing glows with a cold blue light!
a - a +2 battleaxe of freezing (weapon)
A red film seems to cover your vision as you go berserk!
You feel yourself moving faster!
You feel mighty!
You slash Nergalle! You freeze Nergalle. Your headbutt misses Nergalle.
Nergalle is severely wounded.
Nergalle casts a spell at you. The bolt of negative energy hits you!!
You feel drained.
Ouch! That really hurt!
You die...

#.(# #.(# #..# .(#
.(# #...# #.#
#...# #o# #...#
#@# #...# #.#
#...# #.# #...#
#.#
###.).##########.#
.................#
........†........#
##################


You could see Nergalle.

Vanquished Creatures
  Kirke (Lair:4)
  A frost giant (IceCv)
  A minotaur (Lair:5)
  The ghost of Wolly the Archer, a journeyman CeAM of Okawaru (Lair:5)
  3 hydras
  Erica (D:10)
  2 catoblepae
  3 two-headed ogres
  8 death yaks
  A tengu warrior (D:11)
  A shadow wraith (D:7)
  An unseen horror (D:11)
  Pikel (D:5)
  An orb spider (Lair:2)
  4 black mambas
  2 ice statues (IceCv)
  8 cane toads
  6 rime drakes
  7 komodo dragons
  2 trolls
  15 polar bears
  Grinder (D:4)
  9 blink frogs
  Sigmund (D:6)
  A shadow (D:11)
  A tarantella (shapeshifter) (D:11)
  A wraith (D:10)
  4 basilisks
  3 wyverns
  53 yaks
  5 hogs (Lair:4)
  3 steam dragons
  8 water moccasins
  An ice beast (D:12)
  3 black bears
  6 orc warriors
  2 phantoms
  5 sky beasts
  3 necrophages
  17 wolves
  2 ogres
  5 centaurs
  3 big kobolds (Sewer)
  18 bullfrogs
  A gnoll sergeant (D:7)
  A wyvern zombie (D:7)
  4 water moccasin zombies
  A wyvern skeleton (D:11)
  3 scorpions
  A wight (D:7)
  3 electric eels
  4 howler monkeys
  4 bullfrog zombies
  2 jellies
  4 orc priests
  2 centaur skeletons
  12 hounds
  2 gnoll shamans
  5 bullfrog skeletons
  2 centaur zombies
  11 mummies (Ossuary)
  An iguana (D:7)
  10 worker ants
  6 orc wizards
  A killer bee zombie (Ossuary)
  A hound skeleton (D:7)
  4 hound zombies
  2 howler monkey zombies (Ossuary)
  3 worker ant zombies
  2 river rats (Sewer)
  24 adders
  13 gnolls
  3 shadow imps (D:7)
  A white imp (D:7)
  3 ufetubi
  2 oozes
  8 adder zombies
  An adder skeleton (D:5)
  4 worms
  2 dart slugs
  3 leopard geckos
  34 orcs
  A bat zombie (D:6)
  10 giant cockroaches
  10 goblins
  9 hobgoblins
  18 jackals
  5 quokkas
  5 ball pythons
  11 bats
  5 frilled lizards
  A jackal skeleton (D:7)
  18 kobolds
  A leopard gecko skeleton (D:4)
  3 leopard gecko zombies
  A quokka skeleton (D:9)
  A quokka zombie (Ossuary)
  6 rats
  A rat zombie (D:6)
521 creatures vanquished.

Vanquished Creatures (others)
  An orc (D:11)
  12 fungi
  23 plants
  5 withered plants (Ossuary)
41 creatures vanquished.

Grand Total: 562 creatures vanquished

Notes
Turn   | Place    | Note
-------+----------+-------------------------------------------
     0 | D:1      | nonceun the Minotaur Berserker began the quest for the Orb.
     0 | D:1      | Reached XP level 1. HP: 19/19 MP: 0/0
   183 | D:1      | Reached skill level 4 in Axes
   293 | D:1      | Reached XP level 2. HP: 26/26 MP: 1/1
   942 | D:1      | Reached skill level 5 in Axes
  1101 | D:2      | Reached XP level 3. HP: 29/31 MP: 2/2
  1474 | D:2      | Reached ** piety under Trog
  1596 | D:2      | Reached XP level 4. HP: 39/39 MP: 3/3
  1600 | D:2      | Reached skill level 6 in Axes
  1984 | D:3      | Found a glowing drain.
  2015 | Sewer    | Entered a sewer
  2019 | Sewer    | Reached XP level 5. HP: 38/45 MP: 4/4
  2020 | Sewer    | Reached skill level 7 in Axes
  2092 | Sewer    | Reached *** piety under Trog
  2322 | Sewer    | Reached skill level 8 in Axes
  2329 | Sewer    | Reached XP level 6. HP: 44/51 MP: 5/5
  2746 | Sewer    | Gained mutation: You occasionally shout uncontrollably at
                  | your foes. [potion of mutation]
  2746 | Sewer    | Gained mutation: Potions are less effective at restoring
                  | your health. [potion of mutation]
  2746 | Sewer    | Gained mutation: Your muscles are strong. (Str +2) [potion
                  | of mutation]
  2746 | Sewer    | Gained mutation: You have a pair of large horns on your
                  | head. [potion of mutation]
  2757 | Sewer    | Reached skill level 9 in Axes
  3599 | D:4      | Found a sand-covered staircase.
  3606 | Ossuary  | Entered an ossuary
  3628 | Ossuary  | Reached XP level 7. HP: 49/57 MP: 6/6
  3640 | Ossuary  | Reached **** piety under Trog
  3641 | Ossuary  | Reached skill level 10 in Axes
  3962 | Ossuary  | Reached skill level 11 in Axes
  4056 | Ossuary  | Reached XP level 8. HP: 53/67 MP: 7/7
  4668 | D:4      | Noticed Grinder
  4694 | D:4      | Killed Grinder
  4695 | D:4      | Reached skill level 5 in Fighting
  4695 | D:4      | Reached skill level 12 in Axes
  5068 | D:4      | Found a snail-covered altar of Cheibriados.
  5355 | D:5      | Entered Level 5 of the Dungeon
  5429 | D:5      | Reached ***** piety under Trog
  5529 | D:5      | Found a staircase to the Ecumenical Temple.
  5541 | D:5      | Noticed Pikel
  5550 | D:5      | Killed Pikel
  5551 | D:5      | Reached skill level 13 in Axes
  5551 | D:5      | Reached XP level 9. HP: 56/78 MP: 8/8
  6296 | D:6      | Noticed Sigmund
  6303 | D:6      | Killed Sigmund
  6866 | D:6      | Reached skill level 14 in Axes
  6988 | D:6      | Found an ancient bone altar of Kikubaaqudgha.
  7174 | D:7      | Reached skill level 1 in Bows
  7363 | D:7      | Received a gift from Trog
  7476 | D:7      | Found Leeber's General Store.
  7481 | D:7      | Bought a potion of mutation for 112 gold pieces
  7481 | D:7      | Bought a potion of attraction for 42 gold pieces
  7481 | D:7      | Bought a scroll of identify for 28 gold pieces
  7481 | D:7      | Bought a scroll of enchant weapon for 105 gold pieces
  7481 | D:7      | Bought a potion of cancellation for 112 gold pieces
  7486 | D:7      | Lost mutation: Your muscles are strong. (Str +2) [potion of
                  | mutation]
  7486 | D:7      | Lost mutation: Potions are less effective at restoring your
                  | health. [potion of mutation]
  7486 | D:7      | Lost mutation: You have a pair of large horns on your head.
                  | [potion of mutation]
  7486 | D:7      | Lost mutation: You occasionally shout uncontrollably at
                  | your foes. [potion of mutation]
  7486 | D:7      | Gained mutation: You have a pair of large horns on your
                  | head. [potion of mutation]
  7486 | D:7      | Gained mutation: You have a somewhat thin skeletal
                  | structure. (Dex +2, Stealth) [potion of mutation]
  7654 | D:7      | Reached XP level 10. HP: 65/90 MP: 9/9
  7666 | D:7      | Killed a shadow wraith
  7667 | D:7      | Reached skill level 15 in Axes
  8698 | D:8      | Found an iron altar of Okawaru.
  8702 | D:8      | Found a shadowy altar of Dithmenos.
  8709 | D:8      | Found a radiant altar of Vehumet.
  9352 | D:8      | Found a glowing golden altar of the Shining One.
  9723 | D:9      | Reached skill level 16 in Axes
  9894 | D:9      | Reached skill level 10 in Fighting
 10021 | D:9      | Lost mutation: You have a pair of large horns on your head.
                  | [potion of mutation]
 10021 | D:9      | Lost mutation: You have a somewhat thin skeletal structure.
                  | (Dex +2, Stealth) [potion of mutation]
 10021 | D:9      | Gained mutation: Scrolls take you a little longer to read.
                  | [potion of mutation]
 10021 | D:9      | Gained mutation: You tend to lose your temper in combat.
                  | [potion of mutation]
 10021 | D:9      | Gained mutation: Your spells are a little harder to cast,
                  | but a little more powerful. [potion of mutation]
 10021 | D:9      | Gained mutation: You are agile. (Dex +2) [potion of
                  | mutation]
 10062 | D:9      | Reached skill level 5 in Bows
 10185 | D:9      | Found a runed translucent gate.
 10185 | D:9      | Found a runed translucent gate.
 10185 | D:9      | Found a runed translucent gate.
 10186 | D:9      | Noticed a centaur warrior
 10186 | D:9      | Noticed azarias's ghost (journeyman GrEE)
 10239 | D:9      | Noticed a two-headed ogre
 10245 | D:9      | Killed a two-headed ogre
 10246 | D:9      | Reached XP level 11. HP: 75/99 MP: 10/10
 10466 | D:9      | Found the +0 mask of the Dragon {Will+ Slay+3 SInv}
 10635 | D:10     | Entered Level 10 of the Dungeon
 10796 | D:10     | Noticed Erica
 10809 | D:10     | Killed Erica
 10814 | D:10     | Noticed a two-headed ogre
 10820 | D:10     | Killed a two-headed ogre
 11400 | D:11     | Noticed an unseen horror
 11401 | D:11     | Noticed a death yak
 11401 | D:11     | Noticed a death yak
 11404 | D:11     | Noticed a death yak
 11408 | D:11     | Killed an unseen horror
 11409 | D:11     | Reached skill level 10 in Bows
 11415 | D:11     | Killed a death yak
 11418 | D:11     | Killed a death yak
 11421 | D:11     | Killed a death yak
 11421 | D:11     | Received a gift from Trog
 11655 | D:11     | Found a staircase to the Lair.
 11857 | D:11     | Found a runed translucent gate.
 11858 | D:11     | Found a runed translucent gate.
 11859 | D:11     | Found a runed translucent gate.
 11860 | D:11     | Noticed a ten-headed hydra
 11861 | D:11     | Noticed jlumianski's ghost (novice GnWr)
 11863 | D:11     | Noticed a ten-headed hydra
 11892 | D:11     | Reached XP level 12. HP: 105/106 MP: 11/11
 12194 | D:11     | Noticed a two-headed ogre
 12198 | D:11     | Killed a two-headed ogre
 12236 | D:11     | Noticed a tengu warrior
 12241 | D:11     | Killed a tengu warrior
 12587 | Lair:1   | Entered Level 1 of the Lair of Beasts
 12748 | Lair:1   | Noticed a six-headed hydra
 12755 | Lair:1   | Killed a three-headed hydra
 13012 | Lair:1   | Lost mutation: Scrolls take you a little longer to read.
                  | [potion of mutation]
 13012 | Lair:1   | Lost mutation: You tend to lose your temper in combat.
                  | [potion of mutation]
 13012 | Lair:1   | Gained mutation: Your flesh is cold resistant. (rC+)
                  | [potion of mutation]
 13012 | Lair:1   | Gained mutation: Your body sometimes deteriorates upon
                  | taking damage. [potion of mutation]
 13012 | Lair:1   | Gained mutation: Your movements are slightly less
                  | encumbered by armour. (ER -2) [potion of mutation]
 14591 | Lair:2   | Found a staircase to the Swamp.
 14812 | Lair:2   | Found a hole to the Spider Nest.
 15383 | Lair:3   | Reached skill level 17 in Axes
 15389 | Lair:3   | Reached XP level 13. HP: 90/117 MP: 12/12
 16506 | Lair:4   | Noticed Kirke
 16516 | Lair:4   | Received a gift from Trog
 16526 | Lair:4   | Killed Kirke
 17288 | Lair:5   | Found a runed translucent door.
 17291 | Lair:5   | Found a viscous altar of Jiyva.
 17293 | Lair:5   | Found a staircase to the Slime Pits.
 18093 | Lair:5   | Noticed a minotaur
 18094 | Lair:5   | Noticed Wolly's ghost (journeyman CeAM)
 18222 | Lair:5   | Found a runed translucent gate.
 18222 | Lair:5   | Found a runed translucent gate.
 18222 | Lair:5   | Found a runed translucent gate.
 18277 | Lair:5   | Killed Wolly's ghost
 18280 | Lair:5   | Reached skill level 18 in Axes
 18284 | Lair:5   | Killed a minotaur
 19131 | Lair:6   | Entered Level 6 of the Lair of Beasts
 19154 | Lair:6   | Reached skill level 15 in Fighting
 19155 | Lair:6   | Found a frozen archway.
 19171 | IceCv    | Entered an ice cave
 19906 | IceCv    | Reached XP level 14. HP: 135/135 MP: 13/13
 19983 | IceCv    | Noticed a frost giant
 19997 | IceCv    | Killed a frost giant
 20006 | IceCv    | Received a gift from Trog
 20262 | IceCv    | Reached skill level 19 in Axes
 21279 | D:12     | Noticed Nergalle
 21289 | D:12     | Killed from afar by Nergalle

Illustrated notes

Levels and vault maps discovered:
D:1:      dpeg_arrival_renting, layout_basic
D:2:      layout_loops_ring, minmay_unequal
D:3:      layout_loops_ring, cheibrodos_sewer_entry_sluice,
          kennysheep_generic_room_12
D:4:      layout_cave_pools, lightli_ossuary_entry_decrepit_ruins,
          cheibriados_altar_1, uniq_grinder
D:5:      layout_basic, minmay_temple_entry_slanted, kennysheep_generic_room_14,
          uniq_pikel
D:6:      layout_basic, lemuel_zombie_altar_kikubaaqudgha, uniq_sigmund
D:7:      nzn_winding_woodlands_medium [nzn_winding_woodlands_5x5_perimeter,
          nzn_winding_woodlands_5x15_cabin, nzn_winding_woodlands_5x5_cross,
          nzn_winding_woodlands_5x5_checkerboard,
          nzn_winding_woodlands_center_pierced_h,
          nzn_winding_woodlands_5x5_open_star, nzn_winding_woodlands_hourglass,
          nzn_winding_woodlands_5x15_sidewinder,
          nzn_winding_woodlands_5x5_three], layout_basic, serial_shops,
          kennysheep_little_box, minmay_joined_circles
D:8:      layout_loops_ring, chequers_temple_overflow_statue_of_worship,
          tso_metal_star, hangedman_misty_isle
D:9:      layout_basic, gammafunk_ghost_split
D:10:     layout_rooms, uniq_erica
D:11:     minmay_wavy_crystal, layout_cave_pools, dpeg_lair_monsters,
          gammafunk_ghost_hydra_chop
D:12:     layout_long_grid, zombieorc2_lemuel, grunt_decor_cap, uniq_sonja,
          uniq_gastronok, uniq_nergalle
Lair:1:   layout_small_grid, chequers_serial_rivers_micro_e, grunt_megastairs_1
Lair:2:   layout_hall_layers, swamp_mist_pool,
          nicolae_spider_entry_orb_guardian, serial_bayou_shore_b
Lair:3:   layout_gridlike
Lair:4:   layout_roguey, uniq_kirke
Lair:5:   layout_cave_pods, slime_altar_2, maelrawn_ghost_gauntlet_escape,
          minmay_lair_oklob_chamber, serial_bayou_shore_a
Lair:6:   grunt_lair_end_beastmaster, layout_regular_city, portal_ice_cave_rime

Skill      XL: |  1  2  3  4  5  6  7  8  9 10 11 12 13 14 |
---------------+-------------------------------------------+-----
Axes           | 4 5 6 8 9 11 13 14 16 17 18 19 | 19.0
Fighting       | 4 6 8 10 11 15 | 15.0
Bows           | 2 6 12 14 | 14.0
Armour         | |  2.4
Dodging        | |  2.1

Action                   |  1- 3 |  4- 6 |  7- 9 | 10-12 | 13-15 || total
-------------------------+-------+-------+-------+-------+-------++-------
Melee: Hand axe          |    88 |   144 |   223 |       |       ||   455
       Headbutt          |    13 |    14 |    71 |   123 |    88 ||   309
       Battleaxe         |       |       |    46 |       |     4 ||    50
       Broad axe         |       |       |    13 |    90 |   106 ||   209
       War axe           |       |       |       |   273 |   146 ||   419
 Fire: Shortbow          |       |       |    14 |    40 |    56 ||   110
Invok: Berserk           |       |     1 |     2 |     5 |     4 ||    12
  Use: Potion            |       |     8 |     2 |     2 |     1 ||    13
       Scroll            |       |       |       |    17 |     1 ||    18
 Stab: Sleeping          |       |       |     2 |     8 |       ||    10
       Distracted        |       |       |       |     1 |       ||     1
Armor: Plate armour      |    46 |       |       |    47 |     3 ||    96
       Animal skin       |     4 |       |       |       |       ||     4
       Leather armour    |     6 |    23 |    34 |    21 |       ||    84
       Crystal plate arm |       |       |       |       |   113 ||   113
Dodge: Dodged            |    37 |    69 |   111 |   120 |    53 ||   390
